 Dungeon Crawl Stone Soup version 0.31-a0-1612-g4aaf141004 (webtiles) character file.

Game seed: 18354689873122038760

370 Conn the Sneak (level 6, -1/36 HPs)
             Began as an Octopode Fire Elementalist on Jan 9, 2024.
             Slain by a water moccasin (5 damage)
             ... on level 5 of the Dungeon.
             The game lasted 00:07:38 (3776 turns).

Conn the Sneak (Octopode Fire Elementalist)         Turns: 3776, Time: 00:07:39

Health: -1/36      AC:  1    Str:  7    XL:     6   Next: 70%
Magic:  2/11       EV: 14    Int: 19    God:
Gold:   161        SH:  0    Dex: 13    Spells: 2/12 levels left

rFire   . . .        m - +2 mace (protect)
rCold   . . .        (no shield)
rNeg    . . .        (helmet restricted)
rPois   .            (no amulet)
rElec   .            u - ring of willpower
rCorr   +            x - ring of resist corrosion
SInv    .            (no ring)
Will    +....        (no ring)
Stlth   ++++         (no ring)
HPRegen 0.26/turn    (no ring)
MPRegen 0.12/turn    (no ring)
                     (no ring)

%: no passive effects
@: lethally poisoned (-1 -> -9), hasted, very quick
A: almost no armour, amphibious, 8 rings, camouflage 1, gelatinous body 1,
(nimble swimmer 1), tentacles
a: no special abilities


You were on level 5 of the Dungeon.
You visited 1 branch of the dungeon, and saw 5 of its levels.

You collected 161 gold pieces.

Inventory:

Hand Weapons
 m - a +2 mace of protection (weapon)
Missiles
 b - 4 poisoned darts
 e - 2 throwing nets
 j - 2 atropa-tipped darts
Jewellery
 u - a ring of willpower (left tentacle)
 x - a ring of resist corrosion (right tentacle)
Wands
 v - a wand of mindburst (17)
Scrolls
 f - a scroll of enchant armour
 g - a scroll of torment {unknown}
 i - a scroll of amnesia {unknown}
 k - a scroll of vulnerability {unknown}
 o - a scroll of enchant weapon
 p - a scroll of fog {unknown}
 s - a scroll of fear {unknown}
 t - a scroll of identify {unknown}
 w - a scroll of noise {unknown}
Potions
 a - 3 potions of magic
 d - a potion of haste
 h - 2 potions of heal wounds {unknown}
 l - a potion of might {unknown}
 n - 3 potions of berserk rage {unknown}
 q - a potion of degeneration {unknown}
 r - 2 potions of curing {unknown}


   Skills:
 + Level 3.2 Dodging
 + Level 4.6 Stealth
 * Level 3.5 Spellcasting
 * Level 3.4 Conjurations
 + Level 0.3 Hexes
 + Level 3.8 Fire Magic


You had 2 spell levels left.
You knew the following spells:

 Your Spells              Type           Power      Damage    Failure   Level
a - Foxfire               Conj/Fire      68%        2x1d7     3%          1
b - Scorch                Fire           36%        2d6       4%          2
c - Inner Flame           Hex/Fire       11%        N/A       19%         3
d - Flame Wave            Conj/Fire      17%        2d7       32%         4

Your spell library contained the following spells:

 Spells                   Type           Power      Damage    Failure   Level
 Freeze                   Ice            12%        1d3       14%         1
 Volatile Blastmotes      Fire/Tloc      20%        2d11      19%         3
 Hailstorm                Conj/Ice       9%         3d6       22%         3
 Frozen Ramparts          Ice            6%         1d1       41%         3
 Conjure Ball Lightning   Conj/Air       4%         3x3d6     100%        6
 Discord                  Hex            2%         N/A       100%        8
 Disjunction              Tloc           1%         N/A       100%        8


Dungeon Overview and Level Annotations

Branches:
Dungeon (5/15)
 Temple: D:4-7

Altars:
Vehumet

Shops:
D:4 !

Annotations:
D:3 Ijyb


Innate Abilities, Weirdness & Mutations

You cannot wear most types of armour.
You are amphibious.
You can wear up to eight rings at the same time.
Your skin changes colour to match your surroundings (Stealth+).
Your rubbery body absorbs attacks. (AC +1, EV +1)
((You are camouflaged when in or above water. (Stealth+)))
You have tentacles for arms and can constrict up to eight enemies at once.


Message History

Casting: Scorch (safe; 4% risk of failure)
Confirm with . or Enter, or press ? or * to list all spells.
Flames lash the iguana.
You kill the iguana!
The teleport trap disappears.
The orc disappears!
An orc comes into view. It is wielding a +0 whip.
Unknown command.
Unknown command.
Casting: Scorch (safe; 4% risk of failure)
Confirm with . or Enter, or press ? or * to list all spells.
Okay, then.
Sorry, you're not good enough to have a special ability.
Unknown command.
Unknown command.
Unknown command.
Unknown command.
Unknown command.
As you read the scroll labelled EVAOSS XIFOF, it crumbles to dust.
It is a scroll of enchant armour.
You aren't carrying any armour which can be enchanted further.
The phantom hits you.
The phantom blinks!
You blink.
Found 12 gold pieces.
As you read the scroll labelled RASAEJ UNOUNU, it crumbles to dust.
It is a scroll of enchant weapon.
Your +1 mace of protection glows red for a moment.
The water moccasin closely misses you. The phantom hits you.
Okay, then.
Unknown command.
Unknown command.
Unknown command.
The air fills with toxic fumes!
As you read the scroll labelled RIJEXZ UCAUHOL, it crumbles to dust.
It was a scroll of poison.
The water moccasin bites you.
* * * LOW HITPOINT WARNING * * *
You are lethally poisoned!
The water moccasin poisons you! The phantom misses you.
It was a potion of haste.
You feel yourself speed up.
* * * LOW HITPOINT WARNING * * *
You feel very sick. The water moccasin bites you.
You die...

#.....# ## #..##
#...########(.####
#.#..##..........#
###§####.##.............#
....o.§....###.........)#
.##..#§##...#..........#
#.. #§####§####.........
... #§S§§§§§§§§.........
.. ###@#......<........
.§§§§§§§W§§#.............
§§§§§#§§§§§§§..<.....>.
§§§§ §§§§§§§§§§.D......
§§§ #§##§§§#§§§........
§§ #§ ##§§.§§........ #
## ###§.§S.?.....
####....###. ......


You could see a water moccasin and a phantom (combustible).

Vanquished Creatures
  A black bear (D:4)
  A scorpion (D:5)
  A hound (D:5)
  A bombardier beetle (D:4)
  An iguana (D:5)
  6 adders
  A ribbon worm (D:3)
  A dart slug (D:4)
  6 orcs (D:3)
  4 endoplasms
  3 giant cockroaches
  6 goblins
  3 hobgoblins
  10 jackals
  2 kobolds
  4 quokkas
  7 ball pythons
  4 bats
  6 frilled lizards
  5 rats
73 creatures vanquished.

Vanquished Creatures (others)
  183 foxfires
183 creatures vanquished.

Grand Total: 256 creatures vanquished

Notes
Turn   | Place    | Note
-------+----------+-------------------------------------------
     0 | D:1      | Conn the Octopode Fire Elementalist began the quest for the
                  | Orb.
     0 | D:1      | Reached XP level 1. HP: 11/11 MP: 3/3
   242 | D:1      | Reached XP level 2. HP: 13/17 MP: 0/5
   245 | D:1      | Reached skill level 3 in Stealth
   324 | D:1      | Learned a level 2 spell: Scorch
  1003 | D:2      | Reached XP level 3. HP: 18/21 MP: 1/6
  1224 | D:2      | Learned a level 3 spell: Inner Flame
  1266 | D:2      | Found a faded altar of an unknown god.
  1930 | D:3      | Reached XP level 4. HP: 27/27 MP: 0/7
  2914 | D:3      | Noticed Ijyb
  3152 | D:4      | Reached XP level 5. HP: 31/31 MP: 6/9
  3181 | D:4      | Noticed a black bear
  3186 | D:4      | Killed a black bear
  3187 | D:4      | Reached skill level 4 in Stealth
  3253 | D:4      | Found Amusew's Distillery.
  3392 | D:4      | Found a radiant altar of Vehumet.
  3398 | D:4      | Reached XP level 6. HP: 36/36 MP: 6/10
  3598 | D:5      | Entered Level 5 of the Dungeon
  3598 | D:5      | Noticed a steam dragon
  3598 | D:5      | Noticed a water moccasin
  3716 | D:5      | Learned a level 4 spell: Flame Wave
  3776 | D:5      | Slain by a water moccasin

Illustrated notes

Levels and vault maps discovered:
D:1:      nzn_arrival_water_spiral, layout_basic
D:2:      layout_basic, hellmonk_ecumenical_altar_crossroads,
          minmay_misc_feat_chi
D:3:      layout_basic, skrybe_limestone_x, st_stairs_4, serial_bayou_pond_b,
          minmay_shallow_snake_nest, uniq_ijyb
D:4:      layout_rooms, mainiacjoe_overflow_tiny_flanked, serial_shops, shop
D:5:      layout_rooms, lemuel_tele_altar, minmay_temple_entry_stoned_glass,
          serial_shops, shop, kennysheep_generic_room_9

Skill      XL: |  1  2  3  4  5  6 |
---------------+-------------------+-----
Stealth        | 3 4 |  4.6
Conjurations   | 2 3 |  3.4
Dodging        | 3 |  3.2
Spellcasting   | 3 |  3.5
Hexes          | |  0.3
Fire Magic     | |  3.8

Action                     |  1- 3 |  4- 6 || total
---------------------------+-------+-------++-------
  Melee: Unarmed           |    10 |       ||    10
         Constrict         |     5 |     6 ||    11
         Punch             |     1 |       ||     1
         Tentacles         |     4 |     9 ||    13
         Mace              |     6 |    30 ||    36
   Cast: Foxfire           |    59 |    44 ||   103
         Scorch            |     4 |    15 ||    19
    Use: Scroll            |       |     4 ||     4
         Potion            |       |     1 ||     1
   Stab: Sleeping          |     1 |     6 ||     7
 Armour: Skin              |    17 |    29 ||    46
  Dodge: Dodged            |    21 |    26 ||    47

Table legend: (Time is in decaauts)
 A = Elapsed time spent in this place.
 B = Non-inter-level travel time spent in this place.
 C = Inter-level travel time spent in this place.
 D = Time resting spent in this place.
 E = Time spent auto-exploring this place.
 F = Levels seen in this place.
 G = Mean time per level.
                   A        B        C        D        E       F      G
               +--------+--------+--------+--------+--------+-----+--------+
         Total |   3788 |   3739 |     49 |    120 |   2757 |   5 |  757.6 |
       Dungeon |   3788 |   3739 |     49 |    120 |   2757 |   5 |  757.6 |
               +--------+--------+--------+--------+--------+-----+--------+

Top non-repeatable levels by time:
     D:3: 1079 daAuts
     D:2: 1027 daAuts
     D:1: 896 daAuts
     D:4: 639 daAuts
     D:5: 144 daAuts
